AoeStats
← Lady Malbec

MegaRandom

508317245Analyzed
2v2 RM · 9d ago on Sep 21, 2026· 46m 58s· 4 players
Game mode
Random Map
Map size
Medium (4 player)
Population
200
Speed
Normal
Resources
Standard
Victory
Conquest
Starting age
Dark Age
Ending age
Imperial Age
RankedLock teamsTeams togetherTeam positionsShared explorationLock speedFull tech treeHidden civsTurbo modeCheats
Victory
Defeat
🇨🇳 Tatars · China
1173
+17
🇲🇽 Hindustanis · Mexico
1131
+18
🇦🇷 Japanese · Argentina
1208
-18
🇦🇷 Magyars · Argentina
1180
-17
Dracarys2306
12:44 Feudal Age
15:13 Loom
20:55 Castle Age
18:44 Double-Bit Axe
18:42 Horse Collar
19:16 Bloodlines
19:57 Scale Barding Armor
24:46 Forging
29:36 Wheelbarrow
29:58 Husbandry
31:22 Chain Barding Armor
37:01 Iron Casting
38:41 Fletching
38:56 Elite Skirmisher
42:42 Imperial Age
41:26 Padded Archer Armor
41:47 Thumb Ring
42:23 Leather Archer Armor
43:47 Heavy Camel Rider
46:50 Plate Barding Armor
46:29 Bodkin Arrow
48:19 Chemistry
47:42 Ballistics
逆天小肥猪
8:31 Loom
10:48 Feudal Age
11:50 Double-Bit Axe
16:17 Castle Age
14:35 Gold Mining
14:33 Horse Collar
18:00 Bow Saw
19:51 Fletching
20:02 Padded Archer Armor
23:04 Stone Mining
25:37 Heavy Plow
27:44 Gold Shaft Mining
28:29 Bloodlines
29:28 Husbandry
29:51 Ballistics
30:16 Wheelbarrow
35:28 Imperial Age
35:39 Imperial Age
34:11 Bodkin Arrow
34:31 Leather Archer Armor
34:32 Town Watch
36:33 Bracer
37:04 Ring Archer Armor
36:43 Town Patrol
37:01 Hand Cart
36:48 Town Patrol
37:23 Conscription
38:28 Scale Barding Armor
38:33 Forging
38:55 Silk Armor
39:15 Guilds
40:38 Chemistry
39:19 Treadmill Crane
40:33 Chain Barding Armor
40:49 Iron Casting
39:40 Heavy Cavalry Archer
42:05 Plate Barding Armor
41:18 Elite Keshik
43:34 Blast Furnace
43:03 Masonry
43:00 Siege Engineers
47:27 Scale Mail Armor
46:52 Pikeman
47:32 Squires
47:17 Arson
47:55 Bombard Tower
47:31 Murder Holes
Lady Malbec
8:33 Loom
10:57 Feudal Age
11:29 Town Watch
11:37 Double-Bit Axe
11:49 Horse Collar
20:15 Castle Age
19:24 Bloodlines
20:01 Fletching
20:57 Gold Mining
22:00 Wheelbarrow
21:55 Bodkin Arrow
22:30 Husbandry
23:53 Bow Saw
28:31 Padded Archer Armor
31:50 Scale Barding Armor
33:15 Hand Cart
34:05 Leather Archer Armor
33:14 Light Cavalry
37:23 Imperial Age
35:31 Light Cavalry
41:45 Gold Shaft Mining
42:29 Thumb Ring
43:16 Heavy Cavalry Archer
44:46 Bracer
46:05 Ring Archer Armor
Avimsil
5:16 Loom
11:59 Feudal Age
12:50 Double-Bit Axe
16:55 Castle Age
15:45 Horse Collar
16:27 Gold Mining
17:03 Fletching
17:24 Padded Archer Armor
18:44 Town Watch
23:08 Bodkin Arrow
24:16 Husbandry
25:52 Leather Archer Armor
27:49 Bloodlines
28:23 Ballistics
30:02 Wheelbarrow
33:40 Thumb Ring
33:44 Elite Skirmisher
36:05 Scale Barding Armor
37:35 Hand Cart
37:52 Guard Tower
38:47 Forging
38:38 Scale Mail Armor
39:12 Gambesons
39:42 Pikeman
40:54 Heavy Plow
43:34 Imperial Age
41:33 Sanctity
41:24 Fervor
41:57 Squires
41:36 Pikeman
42:50 Masonry
43:16 Chain Mail Armor
43:37 Iron Casting
43:46 Gold Shaft Mining
43:42 Halberdier
44:58 Bracer
46:01 Ring Archer Armor
47:24 Chemistry
47:28 Plate Mail Armor
47:59 Blast Furnace
Connection lost

Rejoining the realm…

Still unreachable

The connection could not be restored.

Session expired

The server has moved on; the page needs a fresh start.